 Dungeon Sprint DCSS version 0.21.2 (webtiles) character file.

3400000 Fang the Axe Maniac (level 19, -10/189 HPs)
             Began as a Demonspawn Gladiator on Jan 24, 2019.
             Was a High Priest of Makhleb.
             Mangled by The Servant
             ... wielding a +9 glaive of flaming
              (55 damage)
             ... in the Dungeon (Sprint VIII: "Arena of Blood").
             The game lasted 00:00:52 (34 turns).

Fang the Axe Maniac (Demonspawn Gladiator)            Turns: 34, Time: 00:00:53

Health: -10/189    AC:  6    Str: 20    XL:     19   Next: 95%
Magic:  19/33      EV: 36    Int: 10    God:    Makhleb [*****.]
Gold:   0          SH:  0    Dex: 23    Spells: 39/39 levels left

rFire    . . .     SeeInvis .   l - +∞ Axe of Woe
rCold    . . .     Gourm    .   (shield currently unavailable)
rNeg     . . .     Faith    .   b - +0 leather armour
rPois    .         Spirit   .   (helmet unavailable)
rElec    .         Reflect  .   (no cloak)
rCorr    .         Harm     .   (no gloves)
MR       +....     NoTele   +   (no boots)
Stlth    ++++++++..             (no amulet)
HPRegen  0.41/turn              (no ring)
MPRegen  0.23/turn              (no ring)

@: no status effects
A: horns 3, thin skeletal structure 3, nightstalker 1, spiny 2, augmentation 2
a: Minor Destruction, Lesser Servant of Makhleb, Major Destruction, Greater
Servant of Makhleb, Renounce Religion


You were in the Dungeon.
You worshipped Makhleb.
Makhleb was extremely pleased with you.
You were not hungry.

You visited 1 branch

Inventory:

Hand Weapons
 a - a +0 war axe
 l - the +∞ Axe of Woe (weapon)
   (You found it in the Dungeon)
Missiles
 d - 3 throwing nets (quivered)
Armour
 b - a +0 leather armour (worn)
 c - a +0 helmet
Scrolls
 k - a scroll of blinking
Potions
 e - a potion of curing
 g - a potion of heal wounds
 h - a potion of haste
 i - 2 potions of magic
 j - a potion of berserk rage
Comestibles
 f - a ration


   Skills:
 O Level 27 Fighting
 O Level 27 Axes
 O Level 27 Throwing
 O Level 27 Armour
 O Level 27 Dodging
 + Level 11.4 Stealth
 + Level 10.5 Unarmed Combat
 + Level 10.5 Spellcasting
 + Level 14.3 Invocations


You had 39 spell levels left.
You didn't know any spells.

Dungeon Overview and Level Annotations

Branches:
Dungeon (1/1)

Altars:
Makhleb

Annotations:
D The Servant


Innate Abilities, Weirdness & Mutations

You have a pair of large horns on your head.
You have an unnaturally thin skeletal structure. (Dex +6, Stealth++)
You are slightly more attuned to the shadows.
You are mostly covered in sharp spines.
Your magical and physical power is enhanced at high health.


Message History

Unknown command.
You slice the meat berserker!!
You hew the meat berserker savagely.
You kill the meat berserker!
Makhleb accepts your kill.
You have mastered Armour!
You hit the meat berserker.
You cleave the meat berserker in twain.
You kill the meat berserker!
Makhleb accepts your kill.
You feel better.
Your Stealth skill gained 11 levels and is now at level 11!
Your Unarmed Combat skill gained 10 levels and is now at level 10!
Your Spellcasting skill gained 10 levels and is now at level 10!
Your Invocations skill gained 14 levels and is now at level 14!
You hear a shout! x7
The bag of meat is engulfed in blazing flames.
The Servant hits you from afar with a +9 glaive of flaming!!!!!
Ouch! That really hurt!
* * * LOW HITPOINT WARNING * * *
The Servant burns you!!!
You die...

..... .. #... ..#
. #... ..#
..###oO. .%###.
.......###......
.o ....._......
..V #o§§§.# ....
#Oo§§_#
.....#@§§§V#.
#.....)))_.......
.......@###......
...###..O ..###.
.. #.... ..#
#.....o.#
.........
.........


You could see The Servant, a destroyer, 3 meat berserkers and 3 bags of meat.

Vanquished Creatures
  5 ogres (D)
  2 two-headed ogres (D)
  11 orcs (D)
18 creatures vanquished.

Notes
Turn   | Place    | Note
-------+----------+-------------------------------------------
     0 | D        | Found the +∞ Axe of Woe
     0 | D        | Fang the Demonspawn Gladiator began the quest for the Orb.
     0 | D        | Reached XP level 1. HP: 16/16 MP: 1/1
     4 | D        | Became a worshipper of Makhleb the Destroyer
     5 | D        | Noticed a bag of meat
     5 | D        | Noticed a bag of meat
     5 | D        | Noticed a bag of meat
     7 | D        | Killed a bag of meat
     7 | D        | Gained mutation: You have a somewhat thin skeletal structure. (Dex +2, Stealth) [demonic ancestry]
     7 | D        | Reached XP level 2. HP: 34/34 MP: 2/2
     7 | D        | Gained mutation: You have a pair of small horns on your head. [demonic ancestry]
     7 | D        | Reached XP level 3. HP: 40/40 MP: 3/3
     7 | D        | Reached XP level 4. HP: 46/46 MP: 4/4
     7 | D        | Gained mutation: You are partially covered in sharp spines. [demonic ancestry]
     7 | D        | Reached XP level 5. HP: 52/52 MP: 5/5
     7 | D        | Reached XP level 6. HP: 59/59 MP: 6/6
     7 | D        | Reached XP level 7. HP: 64/64 MP: 7/7
     7 | D        | Gained mutation: You have a pair of horns on your head. [demonic ancestry]
     7 | D        | Reached XP level 8. HP: 71/71 MP: 8/8
     7 | D        | Reached XP level 9. HP: 77/77 MP: 9/9
     7 | D        | Gained mutation: You have a moderately thin skeletal structure. (Dex +4, Stealth+) [demonic ancestry]
     7 | D        | Reached XP level 10. HP: 83/83 MP: 10/10
     7 | D        | Gained mutation: Your magical and physical power is slightly enhanced at high health. [demonic ancestry]
     7 | D        | Reached XP level 11. HP: 89/89 MP: 11/11
     8 | D        | Noticed a bag of meat
     9 | D        | Killed a bag of meat
     9 | D        | Reached * piety under Makhleb
     9 | D        | Reached skill level 10 in Fighting
     9 | D        | Reached skill level 10 in Throwing
     9 | D        | Reached XP level 12. HP: 99/99 MP: 12/12
     9 | D        | Killed a bag of meat
     9 | D        | Gained mutation: You are slightly more attuned to the shadows. [demonic ancestry]
     9 | D        | Reached XP level 13. HP: 107/107 MP: 13/13
    10 | D        | Killed a bag of meat
    10 | D        | Gained mutation: You have a pair of large horns on your head. [demonic ancestry]
    10 | D        | Reached XP level 14. HP: 116/116 MP: 14/14
    12 | D        | Noticed a meat berserker
    12 | D        | Noticed a bag of meat
    12 | D        | Noticed a bag of meat
    12 | D        | Noticed a bag of meat
    14 | D        | Noticed a meat berserker
    15 | D        | Noticed a bag of meat
    15 | D        | Killed a meat berserker
    15 | D        | Reached ** piety under Makhleb
    15 | D        | Gained mutation: Your magical and physical power is enhanced at high health. [demonic ancestry]
    15 | D        | Reached XP level 15. HP: 36/126 MP: 15/15
    16 | D        | Reached skill level 15 in Fighting
    17 | D        | Killed a meat berserker
    17 | D        | Reached skill level 27 in Axes
    17 | D        | Gained mutation: You are mostly covered in sharp spines. [demonic ancestry]
    17 | D        | Reached XP level 16. HP: 140/140 MP: 16/16
    19 | D        | Reached *** piety under Makhleb
    19 | D        | Reached skill level 15 in Throwing
    19 | D        | Reached skill level 1 in Armour
    19 | D        | Reached skill level 27 in Dodging
    21 | D        | Gained mutation: You have an unnaturally thin skeletal structure. (Dex +6, Stealth++) [demonic ancestry]
    21 | D        | Reached XP level 17. HP: 126/160 MP: 17/17
    22 | D        | Noticed a meat berserker
    22 | D        | Reached **** piety under Makhleb
    24 | D        | Noticed a large bag of meat
    25 | D        | Killed a meat berserker
    25 | D        | Reached skill level 27 in Fighting
    25 | D        | Reached skill level 5 in Armour
    26 | D        | Noticed a large bag of meat
    27 | D        | Reached XP level 18. HP: 182/182 MP: 18/18
    28 | D        | Killed a large bag of meat
    28 | D        | Reached skill level 27 in Throwing
    29 | D        | Noticed a meat berserker
    30 | D        | Noticed a meat berserker
    30 | D        | Noticed The Servant
    30 | D        | Reached ***** piety under Makhleb
    31 | D        | Killed a large bag of meat
    31 | D        | Reached XP level 19. HP: 189/189 MP: 19/19
    32 | D        | Noticed a meat berserker
    32 | D        | Noticed a destroyer
    33 | D        | Noticed a meat berserker
    33 | D        | Noticed a destroyer
    34 | D        | Noticed a meat berserker
    34 | D        | Killed a meat berserker
    34 | D        | Reached skill level 27 in Armour
    34 | D        | Killed a meat berserker
    34 | D        | Reached skill level 10 in Unarmed Combat
    34 | D        | Reached skill level 10 in Spellcasting
    34 | D        | Mangled by The Servant

Skill      XL: |  1  2  3  4  5  6  7  8  9 10 11 12 13 14 15 16 17 18 19 |
---------------+----------------------------------------------------------+-----
Fighting       | 9 10 11 12 14 16 22 27 | 27.0
Axes           | 17 19 21 22 24 27 | 27.0
Throwing       | 9 10 11 13 14 18 24 27 | 27.0
Dodging        | 16 18 20 21 23 25 27 | 27.0
Armour         | 3 7 23 27 | 27.0
Stealth        | 11 | 11.4
Unarmed Combat | 10 | 10.5
Spellcasting   | 10 | 10.5
Invocations    | 14 | 14.3

Action                   |  1- 3 |  4- 6 |  7- 9 | 10-12 | 13-15 | 16-18 | 19-21 || total
-------------------------+-------+-------+-------+-------+-------+-------+-------++-------
Melee: Executioner's axe |     1 |       |       |     1 |     4 |     8 |     1 ||    15
Dodge: Dodged            |       |       |       |       |       |     1 |       ||     1
